 Dungeon Crawl Stone Soup version 0.28-a0-909-g796cbd3a86 (webtiles) character file.

Game seed: 11193351088232409217

7938 bearlyready the Cleaver (level 11, -1/95 HPs)
             Began as a Hill Orc Gladiator on Nov 25, 2021.
             Was a Believer of Uskayaw.
             Slain by Snorg (13 damage)
             ... on level 10 of the Dungeon.
             The game lasted 00:19:40 (14572 turns).

bearlyready the Cleaver (Hill Orc Gladiator)       Turns: 14572, Time: 00:19:41

Health: -1/95      AC:  9    Str: 21    XL:     11   Next: 23%
Magic:  14/18      EV: 12    Int:  8    God:    Uskayaw [**....]
Gold:   716        SH:  0    Dex: 12    Spells: 10/10 levels left

rFire   + + .      SeeInvis +   L - +0 battleaxe
rCold   . . .      Faith    .   (shield currently unavailable)
rNeg    . . .      Spirit   .   C - +0 acid dragon scales
rPois   .          Reflect  .   c - +0 helmet
rElec   .          Harm     .   n - +0 cloak {Stlth+}
rCorr   +          Rampage  .   (no gloves)
Will    .....                   (no boots)
Stlth   ++........              (no amulet)
HPRegen 0.25/turn               w - ring of protection from fire
MPRegen 0.16/turn               x - ring of see invisible

@: no status effects
A: talons 1, fire resistance 1
a: Renounce Religion, Stomp, Line Pass


You were on level 10 of the Dungeon.
You worshipped Uskayaw.
Uskayaw was aware of your devotion.
You visited 2 branches of the dungeon, and saw 11 of its levels.
You also visited: Sewer and Ossuary.

You collected 716 gold pieces.

Inventory:

Hand Weapons
 a - a +1 war axe
 L - a +0 battleaxe (weapon)
 T - a +0 vorpal war axe
Missiles
 e - 221 stones
 g - 65 poisoned darts (quivered)
 l - 9 silver javelins
 v - 3 boomerangs
 N - 3 javelins
Armour
 b - a +0 leather armour
 c - a +0 helmet (worn)
 n - a +0 cloak of stealth (worn)
 q - a +0 scale mail
 C - +0 acid dragon scales (worn)
 O - a +0 kite shield
Jewellery
 p - a ring of resist corrosion
 w - a ring of protection from fire (left hand)
 x - a ring of see invisible (right hand)
 S - an amulet of magic regeneration
Wands
 m - a wand of digging (14)
 M - a wand of flame (27)
Scrolls
 d - 2 scrolls of summoning {unknown}
 f - 4 scrolls of enchant weapon
 h - 3 scrolls of amnesia {unknown}
 j - 3 scrolls of identify
 k - 2 scrolls of blinking {unknown}
 r - 3 scrolls of noise
 u - 4 scrolls of teleportation {unknown}
 y - a scroll of brand weapon {unknown}
 z - 3 scrolls of enchant armour {unknown}
 A - 2 scrolls of fog {unknown}
 B - 3 scrolls of vulnerability
 I - a scroll of holy word {unknown}
 P - a scroll of fear {unknown}
 R - a scroll of immolation {unknown}
Potions
 i - a potion of invisibility {unknown}
 o - 2 potions of lignification {unknown}
 s - 4 potions of heal wounds
 E - a potion of curing
 F - a potion of brilliance {unknown}
 G - 3 potions of degeneration {unknown}
 H - 3 potions of might {unknown}
 J - a potion of flight
 K - 2 potions of ambrosia {unknown}
 U - a potion of attraction {unknown}


   Skills:
 + Level 8.9 Fighting
 + Level 14.4 Axes
 + Level 5.2 Throwing
 + Level 3.9 Armour
 + Level 2.7 Dodging
 + Level 10.0 Invocations
 - Level 4.0 Evocations


You had 10 spell levels left.
You didn't know any spells.
Your spell library contained the following spells:

 Spells                   Type           Power      Damage    Failure   Level
 Magic Dart               Conj           0%         1d3       50%         1
 Sandblast                Erth           0%         2d4       50%         1
 Call Imp                 Summ           0%         N/A       63%         2
 Passwall                 Tmut/Erth      0%         N/A       63%         2
 Dazzling Flash           Conj/Hex       0%         N/A       86%         3
 Mephitic Cloud           Conj/Pois/Air  0%         N/A       86%         3
 Stone Arrow              Conj/Erth      0%         3d7       86%         3
 Animate Dead             Necr           0%         N/A       99%         4
 Iskenderun's Mystic Bla  Conj/Tloc      0%         2d3       99%         4
 Alistair's Intoxication  Tmut/Pois      0%         N/A       100%        5
 Borgnjor's Vile Clutch   Necr/Erth      0%         N/A       100%        5
 Death Channel            Necr           0%         N/A       100%        6
 Eringya's Noxious Bog    Tmut/Pois      0%         N/A       100%        6
 Starburst                Conj/Fire      0%         6d3       100%        6


Dungeon Overview and Level Annotations

Branches:
Dungeon (10/15)            Temple (1/1) D:6             Orc (0/2) D:9
  Sewer (visited)         Ossuary (visited)
   Lair: D:8-11

Altars:
Ashenzari
Cheibriados
Dithmenos
Elyvilon
Fedhas
Gozag
Hepliaklqana
Kikubaaqudgha
Makhleb
Nemelex Xobeh
Okawaru
Qazlal
Ru
Sif Muna
Trog
Uskayaw
Vehumet
Wu Jian
Xom
Yredelemnul
Zin
The Shining One

Shops:
D:3 (

Annotations:
D:10 Snorg


Innate Abilities, Weirdness & Mutations

You have sharp toenails.
Your flesh is heat resistant. (rF+)


Message History

Aim: Snorg (lightly wounded, very poisoned, slow, 64% to hit)
You throw a poisoned dart. The poisoned dart closely misses Snorg.
Throw: 66 darts (poison)
Press: ? - help, Q - select action, (/) - cycle Shift-Dir - straight line, f/p - Snorg
Aim: Snorg (lightly wounded, very poisoned, slow, 64% to hit)
You throw a poisoned dart. The poisoned dart barely misses Snorg.
You hit Snorg. You claw Snorg.
Snorg is moderately wounded.
You slice Snorg!! You claw Snorg, but do no damage.
Snorg is heavily wounded.
Snorg bites you! Snorg claws you. Snorg closely misses you.
You can now pass through a line of other dancers.
You slash Snorg! You claw Snorg.
Snorg is heavily wounded.
Snorg bites you. Snorg barely misses you. Snorg misses you.
You hit Snorg. Your kick misses Snorg.
Snorg is heavily wounded.
You completely miss Snorg.
Snorg is heavily wounded.
Snorg shakes off her lethargy.
Snorg goes berserk!
You barely miss Snorg. Your kick misses Snorg.
Snorg is heavily wounded.
Snorg misses you. Snorg claws you! x2
Aiming: Line Pass
Press: ? - help, Dir - move target, p - Snorg Snorg appears confused.
You can no longer pass through a line of other dancers.
You slice Snorg!!
Snorg is severely wounded.
You can now pass through a line of other dancers.
Snorg seems less confused.
Snorg bites you!! Snorg completely misses you. Snorg claws you!
* * * LOW HITPOINT WARNING * * *
Snorg bites you!
* * * LOW HITPOINT WARNING * * *
Snorg misses you. Snorg closely misses you.
You slice Snorg!! You claw Snorg.
Snorg is almost dead.
Snorg misses you. Snorg claws you but does no damage. Snorg claws you!
You die...

#..............#
#..............#
#..............#
#..............#
#..............#
#.....)........#
##....))<.......#######.
..###)#########.T.......
............. #.@.....#.
............. #.......#
..<.......... #..(....#
...........). #>......#
##.....###... #|(.....#
#.....# ... ####+####
..(...... .. .........
#.........


You could see Snorg (berserk, poisoned).

Vanquished Creatures
  Urug (D:10)
  An ugly thing (D:8)
  2 kobold demonologists (D:9)
  An unseen horror (D:10)
  Eustachio (D:4)
  Grum (D:8)
  2 steam dragons
  Edmund (D:5)
  An acid dragon (D:8)
  2 water moccasins
  Menkaure (Ossuary)
  4 orc warriors (D:9)
  A sky beast (D:5)
  A black bear (D:8)
  Duvessa (D:4)
  6 ogres
  3 necrophages
  2 wolves (D:8)
  A centaur (D:4)
  4 bullfrogs
  Blork the orc (D:6)
  3 kobold brigands
  A gnoll sergeant (D:7)
  A scorpion (D:5)
  Dowan (D:4)
  10 killer bees
  12 wights
  2 howler monkeys (D:7)
  4 centaur zombies
  Crazy Yiuf (D:2)
  3 hounds (D:5)
  6 jellies
  6 orc priests
  2 bullfrog skeletons (D:6)
  3 centaur skeletons
  Ijyb (D:4)
  13 orc wizards
  A killer bee zombie (D:6)
  3 ogre zombies (Ossuary)
  6 mummies (Ossuary)
  A howler monkey skeleton (D:4)
  11 gnolls
  8 adders
  A shadow imp (D:7)
  2 white imps
  4 adder zombies (Ossuary)
  3 worms
  A dart slug (D:2)
  38 orcs
  9 bats
  10 endoplasms
  12 giant cockroaches
  5 goblins
  10 hobgoblins
  18 kobolds
  9 quokkas
  10 ball pythons
  10 frilled lizards
  4 goblin zombies (Ossuary)
  2 hobgoblin zombies (Ossuary)
  5 kobold zombies (Ossuary)
  2 orc zombies (Ossuary)
  2 quokka zombies (Ossuary)
  5 rats
  6 rat zombies (Ossuary)
305 creatures vanquished.

Vanquished Creatures (collateral kills)
  An ogre (D:7)
1 creature vanquished.

Vanquished Creatures (others)
  A killer bee (D:9)
1 creature vanquished.

Grand Total: 307 creatures vanquished

Notes
Turn   | Place    | Note
-------+----------+-------------------------------------------
     0 | D:1      | bearlyready the Hill Orc Gladiator began the quest for the
                  | Orb.
     0 | D:1      | Reached XP level 1. HP: 18/18 MP: 1/1
   222 | D:1      | Reached XP level 2. HP: 23/25 MP: 2/2
   452 | D:1      | Reached skill level 5 in Axes
   957 | D:1      | Reached XP level 3. HP: 30/30 MP: 3/3
  1386 | D:2      | Found a runed translucent door.
  1387 | D:2      | Noticed Crazy Yiuf
  1613 | D:2      | Reached skill level 6 in Axes
  1830 | D:2      | Killed Crazy Yiuf
  1831 | D:2      | Reached XP level 4. HP: 25/37 MP: 4/4
  1946 | D:3      | Found Voaduset's Antique Weapon Shop.
  2021 | D:3      | Found a glowing drain.
  2083 | Sewer    | Entered a sewer
  2123 | Sewer    | Reached skill level 7 in Axes
  2312 | Sewer    | Reached XP level 5. HP: 42/42 MP: 5/5
  2627 | D:3      | Noticed a necrophage
  2691 | D:4      | Reached XP level 6. HP: 44/50 MP: 6/6
  2985 | D:4      | Reached skill level 8 in Axes
  3271 | D:4      | Identified the +7 rapier "Xilahufe" {drain, +Blink rElec
                  | rPois Int-3}
  3328 | D:4      | Noticed Dowan
  3339 | D:4      | Killed Dowan
  3345 | D:4      | Noticed Duvessa
  3374 | D:4      | Killed Duvessa
  3375 | D:4      | Reached XP level 7. HP: 20/56 MP: 7/7
  3603 | D:4      | Found a stormy altar of Qazlal.
  3732 | D:4      | Reached skill level 9 in Axes
  4089 | D:4      | Reached skill level 1 in Evocations
  4145 | D:4      | Noticed Eustachio
  4154 | D:4      | Noticed Ijyb
  4156 | D:4      | Killed Eustachio
  4168 | D:4      | Killed Ijyb
  4169 | D:4      | Reached XP level 8. HP: 66/66 MP: 8/8
  4534 | D:5      | Entered Level 5 of the Dungeon
  4755 | D:5      | Noticed Edmund
  4770 | D:5      | Killed Edmund
  4771 | D:5      | Reached skill level 5 in Throwing
  4973 | D:5      | Reached skill level 5 in Fighting
  4973 | D:5      | Reached skill level 10 in Axes
  5600 | D:3      | You fall into a shaft and drop 2 floors!
  5881 | D:5      | Reached XP level 9. HP: 59/75 MP: 9/9
  6238 | D:6      | Found a staircase to the Ecumenical Temple.
  6305 | Temple   | Entered the Ecumenical Temple
  6405 | Temple   | Became a worshipper of Uskayaw the Reveller
  6434 | D:6      | Reached * piety under Uskayaw
  6490 | D:6      | Reached ** piety under Uskayaw
  6495 | D:6      | Reached skill level 1 in Invocations
  6780 | D:6      | Reached skill level 11 in Axes
  7067 | D:6      | Noticed Blork the orc
  7077 | D:6      | Killed Blork the orc
  7280 | D:6      | Reached *** piety under Uskayaw
  7746 | D:7      | Reached skill level 1 in Armour
  8011 | D:7      | Found a sand-covered staircase.
  8016 | Ossuary  | Entered an ossuary
  8500 | Ossuary  | Noticed Menkaure
  8504 | Ossuary  | Gained mutation: You have sharp toenails. [potion of
                  | mutation]
  8504 | Ossuary  | Gained mutation: Your flesh is heat resistant. (rF+)
                  | [potion of mutation]
  8514 | Ossuary  | Killed Menkaure
  8515 | Ossuary  | Reached **** piety under Uskayaw
  9200 | D:7      | Reached skill level 5 in Invocations
  9257 | D:7      | Reached skill level 12 in Axes
  9521 | D:7      | Found an ornate altar of the Wu Jian Council.
  9590 | D:7      | Reached XP level 10. HP: 87/88 MP: 14/14
 10163 | D:8      | Noticed a cyan ugly thing
 10180 | D:8      | Killed a cyan ugly thing
 10495 | D:8      | Noticed Grum
 10499 | D:8      | Reached skill level 13 in Axes
 10500 | D:8      | Killed Grum
 12651 | D:9      | Found a staircase to the Orcish Mines.
 12902 | D:9      | Reached skill level 14 in Axes
 13411 | D:9      | Noticed a kobold demonologist
 13411 | D:9      | Noticed a kobold demonologist
 13418 | D:9      | Killed a kobold demonologist
 13419 | D:9      | Reached XP level 11. HP: 95/95 MP: 18/18
 13422 | D:9      | Reached ***** piety under Uskayaw
 13772 | D:9      | Identified the +6 rapier "Gosumont" {antimagic, Will+}
 13908 | D:10     | Entered Level 10 of the Dungeon
 13908 | D:10     | Noticed Urug
 14312 | D:10     | Killed Urug
 14313 | D:10     | Reached skill level 10 in Invocations
 14557 | D:10     | Noticed Snorg
 14572 | D:10     | Slain by Snorg

Illustrated notes

Levels and vault maps discovered:
D:1:      wander_arrival_peaceful_grave, layout_basic, serial_park_tiny_pond,
          minmay_liquid_box, serial_park_tiny_1
D:2:      layout_loops_ring, uniq_crazy_yiuf_cottage
D:3:      layout_loops_ring, portal_sewer_entry_c, serial_shops, shop
D:4:      layout_basic, minmay_ruined_shrine, uniq_duvessa, uniq_eustachio,
          uniq_ijyb
D:5:      layout_rooms, minmay_misc_feat_enclosed, minmay_manual_mail,
          uniq_edmund
D:6:      layout_basic, minmay_temple_entry_glassed_door, uniq_blork_the_orc
D:7:      layout_loops_ring, nicolae_wu_jian_immortal_techniques,
          enter_ossuary_5
D:8:      layout_loops_corners, abandoned_shop, uniq_grum
D:9:      layout_roguey, hiddenorc2_lemuel
D:10:     layout_gridville, uniq_snorg, uniq_urug
Temple:   dpeg_three_leaves_temple

Skill      XL: |  1  2  3  4  5  6  7  8  9 10 11 |
---------------+----------------------------------+-----
Axes           | 5 6 7 8 9 10 12 14 | 14.4
Throwing       | 2 3 4 5 |  5.2
Evocations     | 2 4 |  4.0
Fighting       | 3 6 8 |  8.9
Invocations    | 5 9 10 | 10.0
Armour         | 2 3 |  3.9
Dodging        | |  2.7

Action                   |  1- 3 |  4- 6 |  7- 9 | 10-12 || total
-------------------------+-------+-------+-------+-------++-------
Melee: War axe           |    90 |   169 |   325 |    11 ||   595
       Battleaxe         |       |       |    32 |   241 ||   273
       Kick              |       |       |    13 |    71 ||    84
Throw: Throwing net      |     1 |     3 |       |       ||     4
       Stone             |       |    16 |       |       ||    16
       Dart              |       |     3 |    15 |    24 ||    42
       Javelin           |       |       |     8 |     2 ||    10
Invok: Stomp             |       |       |       |     9 ||     9
       Line Pass         |       |       |       |     4 ||     4
Evoke: Wand              |       |       |     7 |    11 ||    18
  Use: Scroll            |       |     2 |     4 |       ||     6
       Potion            |       |     1 |     4 |     3 ||     8
 Stab: Held in net/web   |     2 |       |       |       ||     2
       Sleeping          |       |     1 |       |     4 ||     5
       Paralysed         |       |       |    21 |    24 ||    45
       Confused          |       |       |       |     1 ||     1
Armor: Leather armour    |    22 |    35 |       |       ||    57
       Scale mail        |       |    14 |   119 |    22 ||   155
       Acid dragon scale |       |       |       |    64 ||    64
Dodge: Dodged            |    52 |   108 |   152 |   181 ||   493

Table legend: (Time is in decaauts)
 A = Elapsed time spent in this place.
 B = Non-inter-level travel time spent in this place.
 C = Inter-level travel time spent in this place.
 D = Time resting spent in this place.
 E = Time spent auto-exploring this place.
 F = Levels seen in this place.
 G = Mean time per level.
                   A        B        C        D        E       F      G
               +--------+--------+--------+--------+--------+-----+--------+
         Total |  14647 |  14053 |    594 |   1779 |   9913 |  13 | 1126.7 |
       Dungeon |  13098 |  12529 |    569 |   1599 |   8962 |  10 | 1309.8 |
        Temple |    107 |     83 |     24 |      0 |     72 |   1 |  107.0 |
         Sewer |    574 |    574 |      0 |    137 |    230 |   1 |  574.0 |
       Ossuary |    866 |    866 |      0 |     43 |    649 |   1 |  866.0 |
               +--------+--------+--------+--------+--------+-----+--------+

Top non-repeatable levels by time:
     D:9: 2073 daAuts
     D:4: 2044 daAuts
     D:8: 1854 daAuts
     D:6: 1477 daAuts
     D:7: 1451 daAuts
     D:1: 1276 daAuts
     D:3: 1014 daAuts
     D:5: 995 daAuts
 Ossuary: 866 daAuts
     D:2: 631 daAuts
   Sewer: 574 daAuts
    D:10: 279 daAuts
  Temple: 107 daAuts
